 Dungeon Crawl Stone Soup version 0.31-a0-845-g9abc20d24f (webtiles) character file.

Game seed: 4118209258440861698

29 Ethylacetat the Insei (level 3, -5/24 HPs)
             Began as an Octopode Shapeshifter on Oct 2, 2023.
             Slain by Terence
             ... wielding a +0 falchion
              (9 damage)
             ... on level 2 of the Dungeon.
             The game lasted 00:00:57 (629 turns).

Ethylacetat the Insei (Octopode Shapeshifter)        Turns: 629, Time: 00:00:57

Health: -5/24      AC:  1    Str: 13    XL:     3   Next: 16%
Magic:  0/3        EV: 13    Int: 12    God:
Gold:   57         SH:  0    Dex: 13    Spells: 2/2 levels left

rFire   . .          .
                       - Unarmed
rCold   . . .        (no shield)
rNeg    . . .        (helmet currently unavailable)
rPois   .            h - amulet of guardian spirit
rElec   .            (no ring)
rCorr   .            (no ring)
SInv    .            (no ring)
Will    .....        (no ring)
Stlth   ++           (no ring)
HPRegen 0.24/turn    (no ring)
MPRegen 0.08/turn    (no ring)
                     (no ring)

%: guardian spirit
@: beast-form
A: beast (slay +1), almost no armour, amphibious, 8 rings, camouflage 1,
gelatinous body 1, (nimble swimmer 1), tentacles
a: Begin Untransformation


You were on level 2 of the Dungeon.
You were a hulking beast.
You visited 1 branch of the dungeon, and saw 2 of its levels.

You collected 57 gold pieces.

Inventory:

Jewellery
 h - an amulet of guardian spirit (around mantle)
Talismans
 b - a beast talisman (active)
 c - a flux talisman
Scrolls
 f - a scroll of fear {unknown}
 g - 2 scrolls of identify {unknown}
 i - a scroll of blinking {unknown}
Potions
 a - a potion of lignification
 d - a potion of enlightenment {unknown}
 e - a potion of resistance {unknown}


   Skills:
 + Level 1.6 Fighting
 + Level 2.4 Dodging
 + Level 3.2 Unarmed Combat
 + Level 0.1 Spellcasting
 * Level 3.2 Shapeshifting


You had 2 spell levels left.
You didn't know any spells.
Your spell library was empty.

Dungeon Overview and Level Annotations

Branches:
Dungeon (2/15)

Altars:

Annotations:
D:2 Terence


Innate Abilities, Weirdness & Mutations

You are a hulking beast.
Your limbs bulge with bestial killing power. (Slay +1)
You cannot wear most types of armour.
You are amphibious.
You can wear up to eight rings at the same time.
Your skin changes colour to match your surroundings (Stealth+).
Your rubbery body absorbs attacks. (AC +1, EV +1)
((You are camouflaged when in or above water. (Stealth+)))
You have tentacles for arms and can constrict up to eight enemies at once.


Message History

You barely miss the endoplasm. You squeeze the endoplasm.
You kill the endoplasm!
You tentacle-slap the rat. Your grab misses the rat. You squeeze the rat.
You kill the rat!
Terence the Incautious comes into view.
He is wielding a +0 falchion and wearing a +1 chain mail of cold resistance.
Terence shouts!
Terence is nearby!
You completely miss Terence. You grab Terence. You constrict Terence.
Terence hits you with a +0 falchion.
Terence is nearby!
You tentacle-slap Terence but do no damage.
You squeeze Terence.
Terence is lightly wounded.
You constrict Terence. Terence closely misses you.
You tentacle-slap Terence but do no damage.
You squeeze Terence.
Terence is moderately wounded.
You constrict Terence, but do no damage.
Terence hits you with a +0 falchion!
You are too injured to fight recklessly!
You tentacle-slap Terence.
Terence is heavily wounded.
You constrict Terence, but do no damage.
Terence hits you with a +0 falchion!
* * * LOW HITPOINT WARNING * * *
You tentacle-slap Terence but do no damage.
Terence is heavily wounded.
You constrict Terence, but do no damage.
Terence barely misses you.
You tentacle-slap Terence but do no damage.
You squeeze Terence, but do no damage.
Terence is heavily wounded.
You constrict Terence, but do no damage.
Terence barely misses you.
You tentacle-slap Terence but do no damage.
You squeeze Terence, but do no damage.
Terence is heavily wounded.
You constrict Terence, but do no damage.
Terence hits you with a +0 falchion!
You die...

#.............#
#.##.####.....# #..
.. ###...# ### ..#
###.# ### .#
#####.####....#
#..........##.##
#.......##......
#.....#.##......
#.....#.h@....#
.........####.##...
####.#..## # ##....
##.## .. ..


You could see Terence.

Vanquished Creatures
  4 endoplasms
  4 goblins
  3 hobgoblins (D:1)
  3 kobolds (D:1)
  2 quokkas (D:1)
  4 ball pythons (D:1)
  2 bats (D:1)
  2 frilled lizards (D:1)
  2 rats
26 creatures vanquished.

Notes
Turn   | Place    | Note
-------+----------+-------------------------------------------
     0 | D:1      | Ethylacetat the Octopode Shapeshifter began the quest for
                  | the Orb.
     0 | D:1      | Reached XP level 1. HP: 13/13 MP: 1/1
     1 | D:1      | Noticed an electric eel
   126 | D:1      | Reached XP level 2. HP: 18/18 MP: 2/2
   401 | D:1      | Reached XP level 3. HP: 23/23 MP: 3/3
   621 | D:2      | Noticed Terence
   629 | D:2      | Slain by Terence

Illustrated notes

Levels and vault maps discovered:
D:1:      arrival_aquarium_a, layout_loops_ring, minmay_pentomino_t2
D:2:      layout_loops_cross, patterned_corridor, uniq_terence,
          uniq_crazy_yiuf_cottage, uniq_natasha

Action                     || total
---------------------------++-------
  Melee: Unarmed           ||    46
         Constrict         ||     8
         Tentacles         ||    13
   Stab: Sleeping          ||     5
 Armour: Skin              ||    16
  Dodge: Dodged            ||    22

Table legend: (Time is in decaauts)
 A = Elapsed time spent in this place.
 B = Non-inter-level travel time spent in this place.
 C = Inter-level travel time spent in this place.
 D = Time resting spent in this place.
 E = Time spent auto-exploring this place.
 F = Levels seen in this place.
 G = Mean time per level.
                   A        B        C        D        E       F      G
               +--------+--------+--------+--------+--------+-----+--------+
         Total |    625 |    611 |     14 |      0 |    447 |   2 |  312.5 |
       Dungeon |    625 |    611 |     14 |      0 |    447 |   2 |  312.5 |
               +--------+--------+--------+--------+--------+-----+--------+

Top non-repeatable levels by time:
     D:1: 571 daAuts
     D:2: 54 daAuts
